 Dungeon Crawl Stone Soup version 0.22-a0-603-gfc1114d (webtiles) character file.

117 sking99 the Ruffian (level 4, -3/37 HPs)
             Began as a Draconian Transmuter on July 7, 2018.
             Was an Initiate of Okawaru.
             Killed by divine providence
             ... invoked by an orc priest
              (13 damage)
             ... on level 3 of the Dungeon.
             The game lasted 00:02:28 (1725 turns).

sking99 the Ruffian (Draconian Transmuter)          Turns: 1725, Time: 00:02:28

Health: -3/37      AC:  7    Str: 12    XL:     4   Next: 71%
Magic:  7/7        EV: 12    Int: 15    God:    Okawaru [......]
Gold:   88         SH:  0    Dex: 11    Spells: 6/7 levels left

rFire    . . .     SeeInvis .     - Unarmed
rCold    . . .     Gourm    .   (no shield)
rNeg     . . .     Faith    .   (armour unavailable)
rPois    .         Spirit   .   (helmet restricted)
rElec    .         Reflect  .   i - +1 cloak
rCorr    .         Harm     .   (no gloves)
MR       .....                  (no boots)
Stlth    +.........             (no amulet)
HPRegen  0.12/turn              (no ring)
MPRegen  0.10/turn              (no ring)

@: no status effects
A: unfitting armour, cold-blooded, AC +5
a: Renounce Religion


You were on level 3 of the Dungeon.
You worshipped Okawaru.
Okawaru was noncommittal.
You were hungry.

You visited 1 branch of the dungeon, and saw 3 of its levels.

You collected 88 gold pieces.

Inventory:

Missiles
 a - 12 arrows
Armour
 i - a +1 cloak (worn)
Scrolls
 b - 3 scrolls of magic mapping {unknown}
 e - 2 scrolls of identify {unknown}
 f - a scroll of fear {unknown}
 g - a scroll of enchant weapon {unknown}
 h - 3 scrolls of teleportation {unknown}
Potions
 d - 2 potions of curing {unknown}
 j - a potion of heal wounds {unknown}
Comestibles
 c - a ration


   Skills:
 + Level 2.9 Fighting
 - Level 1.7 Dodging
 * Level 4.8 Unarmed Combat
 - Level 2.0 Spellcasting
 - Level 2.0 Transmutations


You had 6 spell levels left.
You knew the following spells:

 Your Spells              Type           Power        Failure   Level  Hunger
a - Beastly Appendage     Tmut           #.....       10%         1    #......

Your spell library contained the following spells:

 Spells                   Type           Power        Failure   Level  Hunger
 Spider Form              Tmut/Pois      #.........   41%         3    ###....
 Blade Hands              Tmut           #.........   95%         5    ######.
 Ice Form                 Ice/Tmut       #.......     82%         4    #####..
 Sticks to Snakes         Tmut           #.......     14%         2    ###....


Dungeon Overview and Level Annotations

Branches:
Dungeon (3/15)

Altars:
Okawaru


Innate Abilities, Weirdness & Mutations

Your plain brown scales are hard. (AC +5)
You cannot fit into any form of body armour.
You are cold-blooded and may be slowed by cold attacks.


Message History

The orc priest miscasts a cantrip.
You punch the frilled lizard!
You kill the frilled lizard!
Okawaru accepts your kill. Something hits you but does no damage.
You punch the orc priest!
The orc priest is severely wounded.
Something hits you.
The orc priest hits you but does no damage.
You barely miss the orc priest.
The orc priest is severely wounded.
The orc priest calls down the wrath of Beogh upon you.
Beogh smites you!
* * * LOW HITPOINT WARNING * * *
Something hits you.
* * * LOW HITPOINT WARNING * * *
The orc priest begins to cast a cantrip, but forgets the words!
The orc priest invokes the aid of Beogh against you.
Beogh smites you!
You die...

#.# ##. ## #.. ..
.$.# ..#.. ...#.##.#o
.........
.....##.#######
.......)..o.o.#
.......†.####o#######
...####<..# #.@.....#
# ###.# #######.# ...
####


You could see 2 orc priests.

Vanquished Creatures
  A wyvern skeleton (D:2)
  2 adders (D:2)
  2 oozes
  A leopard gecko (D:2)
  An orc (D:3)
  3 bats
  3 giant cockroaches
  6 goblins
  5 hobgoblins
  A quokka (D:2)
  2 frilled lizards
  7 kobolds
  A rat (D:1)
35 creatures vanquished.

Notes
Turn   | Place    | Note
-------+----------+-------------------------------------------
     0 | D:1      | sking99 the Draconian Transmuter began the quest for the Orb.
     0 | D:1      | Reached XP level 1. HP: 16/16 MP: 3/3
   285 | D:1      | Reached XP level 2. HP: 23/23 MP: 5/5
   841 | D:2      | Reached XP level 3. HP: 20/29 MP: 6/6
   842 | D:2      | Reached skill level 4 in Unarmed Combat
  1143 | D:2      | Found an iron altar of Okawaru.
  1153 | D:2      | Reached XP level 4. HP: 22/37 MP: 7/7
  1274 | D:2      | Became a worshipper of Warmaster Okawaru
  1725 | D:3      | Killed from afar by an orc priest

Vault maps used:
D:1:      minmay_arrival_four_loops
D:2:      nicolae_overflow_crystal_walls
D:3:      first_ration, minmay_misc_feat_doors, st_stairs_4,
          grunt_gozag_breadcrumbs

Skill      XL: |  1  2  3 |
---------------+----------+-----
Fighting       | 2 |  2.9
Unarmed Combat | 4 |  4.8
Dodging        | |  1.7
Spellcasting   | |  2.0
Transmutations | |  2.0

Action                   |  1- 3 |  4- 6 || total
-------------------------+-------+-------++-------
Melee: Unarmed           |    93 |    35 ||   128
       Tailslap          |    11 |     5 ||    16
       Punch             |     3 |       ||     3
 Stab: Sleeping          |       |     1 ||     1
  Eat: Chunk             |     1 |     1 ||     2
Armor: Skin              |    32 |    17 ||    49
Dodge: Dodged            |    64 |    20 ||    84

Table legend:
 A = Spawn XP
 B = Non-spawn XP
 C = Spawn XP percentage of total XP
 D = Spawn monster count
 E = Non-spawn monster count
 F = Spawn count percentage of total count
 G = Total turns spent on level
                    A         B        C        D         E        F      G
               +---------+---------+-------+---------+---------+-------+---------
         Total |       0 |     168 |   0.0 |       0 |      35 |   0.0 |  1725
               +---------+---------+-------+---------+---------+-------+---------
           D:1 |       0 |      25 |   0.0 |       0 |      13 |   0.0 |   734
           D:2 |       0 |     134 |   0.0 |       0 |      17 |   0.0 |   955
           D:3 |       0 |       9 |   0.0 |       0 |       5 |   0.0 |    36
               +---------+---------+-------+---------+---------+-------+---------
